 Dungeon Crawl Stone Soup version 0.18.1-5-g4a78601 (webtiles) character file.

30 LORDOFBUTT the Skirmisher (level 3, -2/29 HPs)
             Began as a Demonspawn Berserker on May 10, 2016.
             Was a Believer of Trog.
             Slain by Natasha (4 damage)
             ... on level 2 of the Dungeon.
             The game lasted 00:01:38 (1342 turns).

LORDOFBUTT the Skirmisher (Demonspawn Berserker)    Turns: 1342, Time: 00:01:38

Health: -2/29      AC:  2    Str: 15 (17) XL:     3   Next: 3%
Magic:  3/3        EV: 12    Int:  6 (8)  God:    Trog [**....]
Gold:   70         SH:  0    Dex: 12 (13) Spells: 0 memorised, 2 levels left

rFire  . . .     SeeInvis .       - Unarmed
rCold  . . .     Gourm    .     a - +0 animal skin
rNeg   . . .     Faith    .     (no shield)
rPois  .         Spirit   .     (helmet restricted)
rElec  .         Dismiss  .     (no cloak)
rCorr  .         Reflect  .     (no gloves)
SustAt .         Harm     .     (no boots)
MR     .....                    f - amulet of magic regeneration
Stlth  ++........               (no ring)
                                h - ring of stealth

@: not resistant to hostile enchantments, unstealthy
A: antennae 1, demonic guardian 1
a: Berserk, Trog's Hand, Burn Spellbooks, Renounce Religion


You were on level 2 of the Dungeon.
You worshipped Trog.
Trog was pleased with you.
You were not hungry.

You visited 1 branch of the dungeon, and saw 2 of its levels.

You collected 70 gold pieces.

Inventory:

Armour
 a - a +0 animal skin (worn)
Jewellery
 f - an amulet of magic regeneration (around neck)
 h - a ring of stealth (left hand)
Scrolls
 c - 2 scrolls of teleportation {unknown}
 d - a scroll of fear {unknown}
 e - a scroll of identify {unknown}
 g - 3 scrolls of recharging {unknown}
 i - 5 scrolls of remove curse {unknown}
 j - a scroll of magic mapping {unknown}
 l - a scroll of random uselessness {unknown}
 m - a scroll of amnesia {unknown}
Potions
 k - a potion of flight {unknown}
Books
 n - a book of Transfigurations

   Spells                             Type                      Level
   a - Irradiate                      Conjuration/Transmutation    5
   b - Statue Form                    Transmutation/Earth          6
   c - Hydra Form                     Transmutation                6
   d - Dragon Form                    Transmutation                7
   Trog disapproves of the use of such an item.
Comestibles
 b - a bread ration


   Skills:
 + Level 3.4 Fighting
 + Level 1.8 Armour
 + Level 2.3 Dodging
 + Level 0.6 Stealth
 + Level 2.9 Unarmed Combat


You had 2 spell levels left.
You didn't know any spells.

Dungeon Overview and Level Annotations

Branches:
Dungeon (2/15)

Altars:

Annotations:
D:2 Natasha


Innate Abilities, Weirdness & Mutations

You have a pair of small antennae on your head.
A weak demonic guardian rushes to your aid.


Message History

You hit Natasha but do no damage.
Natasha is heavily wounded.
Natasha closely misses you.
You closely miss Natasha.
Natasha is heavily wounded.
Natasha stares at you and mumbles some strange words.
The magic dart hits you!
* * * LOW HITPOINT WARNING * * *
You are too injured to fight recklessly!
You are too injured to fight recklessly!
You are too injured to fight recklessly!
You are too injured to fight recklessly!
Unknown command.
You closely miss Natasha.
Natasha is heavily wounded.
Natasha barely misses you.
You hit Natasha but do no damage.
Natasha is heavily wounded.
Natasha claws you.
You die...

### ..# #.# #.#
#h# #@# #.#
#.##### ##.###
#.....# .##....
#####.#####.##..##
#.##....#
#.#...####.
#..........
###.).#####.


You could see Natasha.

Vanquished Creatures
  A ball python (D:1)
  3 giant cockroaches
  8 goblins
  2 hobgoblins
  5 kobolds
  4 bats
  3 rats
26 creatures vanquished.

Notes
Turn   | Place    | Note
--------------------------------------------------------------
     0 | D:1      | LORDOFBUTT the Demonspawn Berserker began the quest for the Orb.
     0 | D:1      | Reached XP level 1. HP: 18/18 MP: 1/1
   521 | D:1      | Gained mutation: A weak demonic guardian rushes to your aid. [demonic ancestry]
   521 | D:1      | Reached XP level 2. HP: 22/24 MP: 2/2
  1276 | D:2      | Reached ** piety under Trog
  1320 | D:2      | Gained mutation: You have a pair of small antennae on your head. [demonic ancestry]
  1320 | D:2      | Reached XP level 3. HP: 29/29 MP: 3/3
  1331 | D:2      | Noticed Natasha
  1342 | D:2      | Slain by Natasha

Skill      XL: |  1  2 |
---------------+-------+-----
Dodging        | 2 |  2.3
Fighting       | |  3.4
Armour         | |  1.8
Stealth        | |  0.6
Unarmed Combat | |  2.9

Action                   || total
-------------------------++-------
Melee: Unarmed           ||   113
       Punch             ||     2
  Use: Potion            ||     2
 Stab: Sleeping          ||     5
  Eat: Chunk             ||     1
Armor: Animal skin       ||    17
Dodge: Dodged            ||    84
